 Dungeon Crawl Stone Soup version 0.30-b1-2-g02819fbbbe (webtiles) character file.

Game seed: 13802907488006065860

74 manyhoops the Digger (level 3, -1/26 HPs)
             Began as a Demigod Earth Elementalist on Nov 17, 2023.
             Slain by an orc
             ... wielding a +1 flail of protection
              (9 damage)
             ... on level 3 of the Dungeon.
             The game lasted 00:01:55 (1528 turns).

manyhoops the Digger (Demigod Earth Elementalist)   Turns: 1528, Time: 00:01:55

Health: -1/26      AC:  2    Str:  9    XL:     3   Next: 85%
Magic:  2/8        EV: 12    Int: 21    God:
Gold:   17         SH:  0    Dex: 14    Spells: 0/5 levels left

rFire   . . .        (no weapon)
rCold   . . .        (no shield)
rNeg    . . .        a - +0 robe
rPois   .            (no helmet)
rElec   .            (no cloak)
rCorr   .            (no gloves)
SInv    .            (no boots)
Will    .....        (no amulet)
Stlth   ++           (no ring)
HPRegen 0.24/turn    (no ring)
MPRegen 0.11/turn

%: no passive effects
@: no status effects
A: high MP 1, forlorn, divine attributes, hooves 1, devolution 1
a: no special abilities


You were on level 3 of the Dungeon.
You visited 1 branch of the dungeon, and saw 4 of its levels.

You collected 17 gold pieces.

Inventory:

Armour
 a - a +0 robe (worn)
Scrolls
 c - a scroll of identify
Potions
 b - a potion of magic
 e - a potion of ambrosia {unknown}


   Skills:
 - Level 1.7 Dodging
 - Level 1.7 Stealth
 - Level 1.7 Spellcasting
 - Level 0.8 Transmutations
 + Level 4.5 Earth Magic


You couldn't memorise any spells.
You knew the following spells:

 Your Spells              Type           Power      Damage    Failure   Level
a - Sandblast             Erth           42%        2d11      2%          1
b - Passwall              Tmut/Erth      10%        N/A       8%          2
c - Lesser Beckoning      Tloc           2%         N/A       22%         2

Your spell library contained the following spells:

 Spells                   Type           Power      Damage    Failure   Level
 Stone Arrow              Conj/Erth      22%        3d8       19%         3
 Static Discharge         Conj/Air       2%         2-3/arc   22%         2
 Gell's Gravitas          Tloc           1%         N/A       41%         3
 Teleport Other           Tloc           1%         N/A       41%         3
 Petrify                  Tmut/Erth      13%        N/A       45%         4
 Airstrike                Air            0%         2d(1-17)  83%         4
 Summon Lightning Spire   Summ/Air       1%         N/A       83%         4


Dungeon Overview and Level Annotations

Branches:
Dungeon (4/15)
 Temple: D:4-7

Annotations:
D:2 Sigmund


Innate Abilities, Weirdness & Mutations

You have an increased reservoir of magic. (+10% MP)
You shall have no god before yourself.
Your divine heritage dramatically boosts your attributes as you level up.
You have large cloven feet.
You have hidden genetic defects.


Message History

Aim: a quokka (76% to hit)
The blast of sand hits the quokka.
The quokka is heavily wounded.
The quokka barely misses you. The quokka bites you.
* * * LOW HITPOINT WARNING * * *
Casting: Sandblast (safe; 2% risk of failure)
Confirm with . or Enter, or press ? or * to list all spells.
Aiming: Sandblast (safe; 2% risk of failure)
Press: ? - help, Shift-Dir - straight line, f/p - quokka
Aim: a quokka (heavily wounded, 76% to hit)
The blast of sand hits the quokka!!
You kill the quokka!
Unknown command.
As you read the scroll labelled WAAVIVY WAPAOM, it crumbles to dust.
It is a scroll of identify.
f - a scroll of teleportation
As you read the scroll of teleportation, it crumbles to dust.
You feel strangely unstable.
An orc comes into view. It is wielding a +0 morningstar.
Found a stone staircase leading down.
The orc shouts!
The gnoll attacks as you move away! The gnoll closely misses you.
Your surroundings suddenly seem different.
Found a stone staircase leading up.
The hound barks!
A gnoll sergeant comes into view.
It is wielding a +0 vampiric trident and wearing a +2 ring mail of fire resistance.
An ogre comes into view. It is wielding a +0 giant club.
Found a dagger.
A gnoll comes into view. It is wielding a +0 spear.
The gnoll shouts!
You hear a shout!
Found a scroll of teleportation.
There is a stone staircase leading up here.
You climb upwards.
There is a stone staircase leading down here.
Okay, then.
It was a potion of mutation.
You feel extremely strange.
Your feet thicken and deform.
You feel a hidden malignance growing inside you.
The orc hits you with a +1 flail of protection!
You die...

##).###.#.###.......#...
#......#...........#..<
#)###.###.#........#...
#..##..............#...
##.#######.........#...
#.o..# #>#.......#...
####.####.#.......'...
#..#...#.......#.##
##@oo###########.##
#.### #.## #.# #.## #.#
#(## #.. #.# ### #.# #.#


You could see 2 orcs.

Vanquished Creatures
  2 adders (D:3)
  A white imp (D:3)
  A dart slug (D:1)
  2 orcs (D:3)
  5 ball pythons
  2 endoplasms
  A giant cockroach (D:1)
  A goblin (D:3)
  4 hobgoblins (D:1)
  7 jackals (D:3)
  3 kobolds
  2 quokkas
  5 bats
  3 frilled lizards
  3 rats (D:1)
42 creatures vanquished.

Notes
Turn   | Place    | Note
-------+----------+-------------------------------------------
     0 | D:1      | manyhoops the Demigod Earth Elementalist began the quest
                  | for the Orb.
     0 | D:1      | Reached XP level 1. HP: 14/14 MP: 5/5
   239 | D:1      | Reached skill level 3 in Earth Magic
   383 | D:1      | Reached XP level 2. HP: 15/20 MP: 5/7
  1076 | D:2      | Noticed Sigmund
  1186 | D:3      | Reached XP level 3. HP: 26/26 MP: 4/8
  1187 | D:3      | Reached skill level 4 in Earth Magic
  1381 | D:3      | Learned a level 2 spell: Passwall
  1384 | D:3      | Learned a level 2 spell: Lesser Beckoning
  1520 | D:4      | Noticed a gnoll sergeant
  1520 | D:4      | Noticed an ogre
  1528 | D:3      | Gained mutation: You have large cloven feet. [potion of
                  | mutation]
  1528 | D:3      | Gained mutation: You have hidden genetic defects. [potion
                  | of mutation]
  1528 | D:3      | Slain by an orc

Illustrated notes

Levels and vault maps discovered:
D:1:      dpeg_arrival_triangle_fractal, layout_loops_ring
D:2:      layout_rooms, basic_altar, minmay_rat_gold_closets, uniq_terence,
          uniq_sigmund
D:3:      minmay_spotlight, layout_basic, nemelex_dance_club_becter,
          grunt_decor_one_mirror, uniq_ijyb
D:4:      layout_rooms

Skill      XL: |  1  2  3 |
---------------+----------+-----
Earth Magic    | 3 4 |  4.5
Dodging        | |  1.7
Stealth        | |  1.7
Spellcasting   | |  1.7
Transmutations | |  0.8

Action                     || total
---------------------------++-------
  Melee: Unarmed           ||     1
   Cast: Sandblast         ||    60
    Use: Scroll            ||     2
         Potion            ||     1
 Armour: Robe              ||     7
  Dodge: Dodged            ||    29
